[Event "Friendship Match AZE-TUR"]
[Site "Mustafa Kemal Atatürk"]
[Date "2020.08.08"]
[Round "1"]
[White "Silacglr04"]
[Black "Gul91"]
[Result "0-1"]
[WhiteElo "1620"]
[BlackElo "1620"]
[Annotator "NA"]
[PlyCount "112"]
[EventDate "2020.08.08"]
[EventType "team-tourn (rapid)"]
[TimeControl "900+5"]

1. e4 e6 2. d4 d5 3. Nd2 a6 4. Ngf3 c5 5. exd5 exd5 6. dxc5 Bxc5 7. Nb3 Bb6 8. Bd3 Qe7+ 9. Qe2 Bg4 10. O-O Qxe2 11. Bxe2 Nf6 12. h3 Bh5 13. Bg5 Ne4 14. Bf4 Nc6 15. c4 dxc4 16. Bxc4 O-O 17. Rae1 Rfe8 18. g4 Bg6 19. Nh4 Nxf2 20. Rxe8+ Rxe8 21. Nxg6 hxg6 22. Bxf7+ Kxf7 23. Bg3 Re2 24. Bxf2 Rxf2 25. Rxf2+ Ke6 26. Kf1 Bxf2 27. Kxf2 Kd5 28. Ke3 g5 29. Nd2 Nd4 30. Ne4 Ne6 31. Nc3+ Ke5 32. Ne4 a5 33. Nf2 Nf4 34. Kf3 b5 35. Kg3 b4 36. Kf3 a4 37. Ke3 Kd5 38. h4 Ng2+ 39. Kf3 Nxh4+ 40. Ke3 Ng2+ 41. Kf3 Nf4 42. Ke3 Ke5 43. Ne4 Ne6 44. Nf2 Nc5 45. Nh3 Ne4 46. Ng1 Kd5 47. Nf3 a3 48. bxa3 bxa3 49. Ne1 Nf6 50. Nc2 Nxg4+ 51. Ke2 Ne5 52. Nxa3 {[%emt 0:00:01] Silacglr04 beraberlik teklif ediyor} Ke4 53. Nb5 g4 54. Nc3+ Kd4 55. Nd1 g3 56. Ne3 Ke4 {[%emt 0:00:05] Zaman (Lag: Av=0.63s, max=2.1s)} 0-1

[Event "Friendship Match AZE-TUR"]
[Site "Mustafa Kemal Atatürk"]
[Date "2020.08.08"]
[Round "2"]
[White "Gul91"]
[Black "Silacglr04"]
[Result "1/2-1/2"]
[WhiteElo "1620"]
[BlackElo "1620"]
[Annotator "NA"]
[PlyCount "57"]
[EventDate "2020.08.08"]
[EventType "team-tourn (rapid)"]
[TimeControl "900+5"]

1. e4 c5 2. Nf3 e6 3. b3 b6 4. d4 cxd4 5. Nxd4 Bb7 6. Bd3 Bc5 7. c3 Nf6 8. Qe2 O-O 9. O-O e5 10. Nf5 d5 11. Nd2 Re8 12. c4 dxc4 13. Nxc4 Nc6 14. Bg5 Nd4 15. Nxd4 exd4 16. Qf3 Be7 17. Bxf6 Bxf6 18. Rfe1 Rc8 19. a4 a6 20. Qh3 g6 21. e5 Be7 22. e6 f6 23. Bxg6 hxg6 24. Qh6 Rc5 25. Qxg6+ Kh8 26. Qh6+ Kg8 27. Qg6+ Kh8 28. Qh6+ Kg8 29. Qg6+ {[%emt 0:00:00] (Lag: Av=0.39s, max=0.6s)} 1/2-1/2